 Dungeon Crawl Stone Soup version 0.28-a0-1624-g820543e53a (webtiles) character file.

Game seed: 12292342689626862792

2380 HallandMoats the Skirmisher (level 9, 0/78 HPs)
             Began as a Ghoul Fighter on Jan 24, 2022.
             Was a High Priest of Jiyva.
             Slain by a two-headed ogre (20 damage)
             ... on level 6 of the Dungeon.
             The game lasted 00:07:56 (4837 turns).

HallandMoats the Skirmisher (Ghoul Fighter)         Turns: 4837, Time: 00:07:58

Health: 0/78       AC: 12    Str: 26    XL:     9   Next: 45%
Magic:  11/11      EV:  9    Int:  5    God:    Jiyva [*****.]
Gold:   144        SH:  4    Dex: 10    Spells: 8/8 levels left

rFire   . . .      SeeInvis .   b - +2 demon whip (elec)
rCold   + . .      Faith    .   c - +0 buckler
rNeg    + + +      Spirit   .   B - +3 chain mail of Gab Uptai {Str+6}
rPois   ∞          Reflect  .   (no helmet)
rElec   .          Harm     .   (no cloak)
rCorr   +          Rampage  .   (no gloves)
Will    .....                   (no boots)
Stlth   ..........              (no amulet)
HPRegen 1.44/turn               (no ring)
MPRegen 0.57/turn               (no ring)

@: inhibited regen
A: claws 1, cold resistance 1, negative energy resistance 3, inhibited
regeneration, torment resistance 2
a: Renounce Religion, Oozemancy, Slimify


You were on level 6 of the Dungeon.
You worshipped Jiyva.
Jiyva was extremely pleased with you.
You visited 1 branch of the dungeon, and saw 7 of its levels.
You also visited: Sewer and Ossuary.

You collected 353 gold pieces.
You spent 209 gold pieces at shops.

Inventory:

Hand Weapons
 a - a +4 hunting sling of freezing
 b - a +2 demon whip of electrocution (weapon)
 C - a +0 trident
Missiles
 D - 9 sling bullets
Armour
 c - a +0 buckler (worn)
 p - a +3 chain mail of cold resistance
 q - a +1 cloak
 B - the +3 chain mail of Gab Uptai (worn) {Str+6}
   (You bought it in a shop on level 3 of the Dungeon)

   Str:       It affects your strength (+6).
Jewellery
 n - a ring of wizardry
Wands
 s - a wand of acid (9)
 z - a wand of polymorph (8)
 A - a wand of mindburst (11)
Scrolls
 f - 6 scrolls of identify
 h - 2 scrolls of enchant weapon {unknown}
 i - a scroll of acquirement {unknown}
 j - a scroll of torment {unknown}
 k - a scroll of immolation {unknown}
 l - a scroll of blinking {unknown}
 o - 3 scrolls of teleportation {unknown}
 r - 2 scrolls of fear {unknown}
 t - 2 scrolls of amnesia {unknown}
 u - a scroll of fog {unknown}
 y - a scroll of brand weapon {unknown}
Potions
 d - a potion of might
 e - 2 potions of flight
 g - 2 potions of curing
 m - 2 potions of berserk rage
 v - a potion of brilliance {unknown}
 w - 2 potions of haste {unknown}
 x - a potion of resistance {unknown}


   Skills:
 + Level 6.5 Fighting
 * Level 5.0 Maces & Flails
 - Level 3.2 Polearms
 + Level 4.9 Armour
 + Level 3.7 Dodging
 + Level 4.9 Shields
 + Level 5.2 Invocations


You had 8 spell levels left.
You didn't know any spells.
Your spell library was empty.

Dungeon Overview and Level Annotations

Branches:
Dungeon (7/15)             Temple (0/1) D:4           Sewer (visited)
Ossuary (visited)

Altars:
Elyvilon
Gozag
Kikubaaqudgha
Okawaru
Vehumet
Zin
Jiyva

Shops:
D:2 *   D:3 [


Innate Abilities, Weirdness & Mutations

You thrive by killing the living.
You are immune to poison.
You have sharp fingernails.
Your flesh is cold resistant. (rC+)
You are immune to negative energy. (rN+++)
You do not regenerate when monsters are visible.
You are immune to unholy pain and torment.


Message History

You climb upwards.
Reactivating autopickup.
You hear a distant slurping noise.
There is a stone staircase leading down here.
You barely miss the two-headed ogre.
The two-headed ogre is lightly wounded.
You completely miss the two-headed ogre.
The two-headed ogre is lightly wounded.
The two-headed ogre hits you with a +0 giant club!
The two-headed ogre hits you with a +0 giant spiked club!
You hit the two-headed ogre.
The two-headed ogre is lightly wounded.
The two-headed ogre barely misses you. The two-headed ogre closely misses you.
You barely miss the two-headed ogre.
The two-headed ogre is lightly wounded.
You hit the two-headed ogre.
The two-headed ogre is lightly wounded.
The two-headed ogre barely misses you. The two-headed ogre misses you.
You hear a distant slurping noise.
You hit the two-headed ogre.
The two-headed ogre is moderately wounded.
The two-headed ogre hits you with a +0 giant club!
The two-headed ogre barely misses you.
You hit the two-headed ogre.
The two-headed ogre is moderately wounded.
You hear a distant slurping noise.
You barely miss the two-headed ogre.
The two-headed ogre is moderately wounded.
You block the two-headed ogre's attack. The two-headed ogre closely misses you.
You hit the two-headed ogre.
The two-headed ogre is moderately wounded.
The two-headed ogre completely misses you. x2
You whack the two-headed ogre!
The two-headed ogre is severely wounded.
You hear a distant slurping noise.
The two-headed ogre hits you with a +0 giant club!!
* * * LOW HITPOINT WARNING * * *
You shudder from the blow and a jelly pops out!
The two-headed ogre hits you with a +0 giant spiked club!!
You die...

#.....##.....## #...# ###
#.<...#.......# ###.### #.#
#....)#.......# ##...#
#.###.....#.......####..###
#...#.....##...........##
###.#.....#.......#....###
#.......#.......####...####
##....###..O....# ###.....
###..####@[J..## ######
##...###...## #.#.# #####
#.#.##### #.#.....#### #
###### #.#####....# ##
.....## ##.# ####)### #.
......## #..# #...# ###.
.......# #.## ###.### ##[..


You could see a two-headed ogre (ally target) and a friendly azure jelly
(summoned).

Vanquished Creatures
  Joseph (D:7)
  Sigmund (D:3)
  A water moccasin (D:7)
  Pargi (Sewer)
  An ice beast (D:5)
  3 orc warriors
  A sky beast (D:7)
  A centaur (D:5)
  A phantom (D:7)
  Blork the orc (D:4)
  5 scorpions
  A howler monkey (D:5)
  3 centaur zombies (Ossuary)
  5 hounds
  2 centaur skeletons
  A gnoll shaman (D:6)
  Jessica (D:3)
  An iguana (D:6)
  Terence (D:3)
  2 orc wizards
  6 mummies (Ossuary)
  6 gnolls
  8 adders
  A shadow imp (D:6)
  A white imp (D:7)
  An ufetubus (D:7)
  4 worms
  2 dart slugs
  7 orcs
  4 ball pythons
  9 bats
  2 endoplasms (D:1)
  4 giant cockroaches
  8 hobgoblins
  3 jackals (D:1)
  3 quokkas
  4 frilled lizards
  6 goblins
  A hobgoblin zombie (Ossuary)
  5 kobolds
  3 rats
122 creatures vanquished.

Vanquished Creatures (others)
  4 jellies
  A hound (D:5)
  Robin (D:4)
  2 adders (D:4)
  2 gnolls (D:4)
  A dart slug (D:4)
  2 ball pythons (D:3)
  13 goblins (D:4)
  A hobgoblin (D:4)
  A frilled lizard (D:3)
  14 plants (D:3)
42 creatures vanquished.

Grand Total: 164 creatures vanquished

Notes
Turn   | Place    | Note
-------+----------+-------------------------------------------
     0 | D:1      | HallandMoats the Ghoul Fighter began the quest for the Orb.
     0 | D:1      | Reached XP level 1. HP: 19/19 MP: 0/0
   204 | D:1      | Reached XP level 2. HP: 26/26 MP: 1/1
   309 | D:1      | Reached skill level 1 in Invocations
   553 | D:1      | Reached XP level 3. HP: 31/31 MP: 2/2
  1479 | D:2      | Found Mudo's Assorted Antiques.
  1524 | D:2      | Found a faded altar of an unknown god.
  1572 | D:2      | Prayed at the altar of an unknown god.
  1572 | D:2      | Became a worshipper of Jiyva Johuo the Shapeless
  1572 | D:2      | Reached * piety under Jiyva
  1820 | D:3      | Found a glowing drain.
  1840 | D:3      | Noticed Jessica
  1851 | D:3      | Killed Jessica
  1852 | D:3      | Reached XP level 4. HP: 40/40 MP: 4/4
  1871 | D:3      | Reached skill level 1 in Dodging
  1875 | D:3      | Reached skill level 4 in Fighting
  1890 | Sewer    | Entered a sewer
  1913 | Sewer    | Noticed Pargi
  1920 | Sewer    | Killed Pargi
  1921 | Sewer    | Reached XP level 5. HP: 40/47 MP: 5/5
  2019 | D:3      | Reached ** piety under Jiyva
  2026 | D:3      | Noticed Sigmund
  2047 | D:3      | Killed Sigmund
  2048 | D:3      | Reached XP level 6. HP: 37/53 MP: 5/7
  2204 | D:3      | Found Peesemo's Antique Armour Emporium.
  2263 | D:3      | Noticed Terence
  2266 | D:3      | Killed Terence
  2358 | D:3      | Identified the +5 hand axe of Baysiatu {vorpal, Fly rElec
                  | rF-}
  2711 | D:3      | Found an opulent altar of Gozag.
  2740 | D:4      | Reached *** piety under Jiyva
  2765 | D:4      | Killed Robin
  2802 | D:4      | Reached skill level 1 in Maces & Flails
  2802 | D:4      | Reached XP level 7. HP: 60/60 MP: 8/8
  2804 | D:4      | Found an ancient bone altar of Kikubaaqudgha.
  2818 | D:4      | Reached skill level 5 in Fighting
  2852 | D:4      | Found a staircase to the Ecumenical Temple.
  2892 | D:4      | Noticed Blork the orc
  2901 | D:4      | Killed Blork the orc
  3150 | D:5      | Entered Level 5 of the Dungeon
  3305 | D:5      | Reached **** piety under Jiyva
  3339 | D:5      | Reached XP level 8. HP: 56/69 MP: 9/9
  3346 | D:5      | Found a radiant altar of Vehumet.
  3493 | D:5      | Found a sand-covered staircase.
  3501 | Ossuary  | Entered an ossuary
  4084 | D:6      | Reached skill level 6 in Fighting
  4195 | D:6      | Reached XP level 9. HP: 75/75 MP: 11/11
  4440 | D:3      | Bought an aquamarine-studded chain mail for 209 gold pieces
  4440 | D:3      | Identified the +3 chain mail of Gab Uptai {Str+6} (You
                  | bought it in a shop on level 3 of the Dungeon)
  4580 | D:7      | Noticed Joseph
  4596 | D:7      | Killed Joseph
  4597 | D:7      | Reached skill level 5 in Invocations
  4685 | D:7      | Found an iron altar of Okawaru.
  4718 | D:7      | Reached ***** piety under Jiyva
  4755 | D:7      | Noticed a two-headed ogre
  4791 | D:6      | Reached skill level 5 in Maces & Flails
  4837 | D:6      | Slain by a two-headed ogre

Illustrated notes

Levels and vault maps discovered:
D:1:      saegor_arrival_under_anarchy, layout_basic, serial_glass,
          glass_columns_a, glass_columns_a, glass_columns_b, glass_columns_b,
          glass_columns_a, glass_columns_a, glass_columns_a, glass_columns_b,
          glass_columns_b, glass_columns_b
D:2:      layout_basic, shapermc_ecumenical_altar_ellora, serial_shops, shop
D:3:      layout_basic, lemuel_tele_altar, nicolae_elyvilon_temple_path,
          serial_shops, shop, gup_sewer_entry_glass, minmay_misc_feat_enclosed,
          uniq_jessica, uniq_terence, uniq_sigmund
D:4:      layout_cave_pools, mainiacjoe_overflow_alcove_1,
          kiku_gazebo_pond_becter, minmay_temple_entry_mist, st_stairs_13,
          uniq_blork_the_orc, uniq_robin
D:5:      layout_cave_pools, mainiacjoe_overflow_six_doors_small,
          enter_ossuary_5, serial_park, serial_park_tiny_1,
          serial_park_tiny_pond, serial_park_gazebo
          [serial_park_minivault_5x5_3], serial_park_fountain,
          kennysheep_generic_room_16
D:6:      layout_rooms
D:7:      layout_cave_pools, okawaru_gym_becter, minmay_chambers_of_fives,
          uniq_joseph

Skill      XL: |  1  2  3  4  5  6  7  8  9 |
---------------+----------------------------+-----
Polearms       | 2 3 |  3.2
Invocations    | 1 2 3 4 5 |  5.2
Armour         | 3 4 |  4.9
Dodging        | 1 2 3 |  3.7
Shields        | 3 4 |  4.9
Fighting       | 4 5 6 |  6.5
Maces & Flails | 1 2 4 5 |  5.0

Action                   |  1- 3 |  4- 6 |  7- 9 || total
-------------------------+-------+-------+-------++-------
Melee: Trident           |   160 |    29 |       ||   189
       Demon whip        |       |    56 |   224 ||   280
 Fire: Hunting sling     |       |       |    11 ||    11
  Use: Potion            |       |     1 |     1 ||     2
       Scroll            |       |       |     2 ||     2
Armor: Scale mail        |    74 |    32 |       ||   106
       Chain mail        |       |    10 |   131 ||   141
Dodge: Dodged            |    80 |    38 |    77 ||   195
Block: Buckler           |    38 |     9 |    32 ||    79

Table legend: (Time is in decaauts)
 A = Elapsed time spent in this place.
 B = Non-inter-level travel time spent in this place.
 C = Inter-level travel time spent in this place.
 D = Time resting spent in this place.
 E = Time spent auto-exploring this place.
 F = Levels seen in this place.
 G = Mean time per level.
                   A        B        C        D        E       F      G
               +--------+--------+--------+--------+--------+-----+--------+
         Total |   4903 |   4688 |    215 |     28 |   3454 |   9 |  544.8 |
       Dungeon |   4695 |   4480 |    215 |     28 |   3401 |   7 |  670.7 |
         Sewer |    107 |    107 |      0 |      0 |     53 |   1 |  107.0 |
       Ossuary |    101 |    101 |      0 |      0 |      0 |   1 |  101.0 |
               +--------+--------+--------+--------+--------+-----+--------+

Top non-repeatable levels by time:
     D:2: 1053 daAuts
     D:3: 909 daAuts
     D:1: 747 daAuts
     D:5: 654 daAuts
     D:6: 577 daAuts
     D:4: 467 daAuts
     D:7: 285 daAuts
   Sewer: 107 daAuts
 Ossuary: 101 daAuts
